 Dungeon Crawl Stone Soup version 0.23.0-33-g5e6c059 (webtiles) character file.

Game seed: 1217236820710207763

107 Folque the Digger (level 4, -2/36 HPs)
             Began as a Draconian Earth Elementalist on Feb 26, 2019.
             Killed by divine providence
             ... invoked by an orc priest
              (14 damage)
             ... on level 2 of the Dungeon.
             The game lasted 00:06:23 (1435 turns).

Folque the Digger (Draconian Earth Elementalist)    Turns: 1435, Time: 00:06:24

Health: -2/36      AC:  5    Str: 10    XL:     4   Next: 57%
Magic:  0/8        EV: 12    Int: 17    God:
Gold:   127        SH:  0    Dex: 11    Spells: 2/8 levels left

rFire    . . .     SeeInvis .   i - +0 dagger
rCold    . . .     Gourm    .   (no shield)
rNeg     . . .     Faith    .   (armour unavailable)
rPois    .         Spirit   .   (helmet restricted)
rElec    .         Reflect  .   (no cloak)
rCorr    .         Harm     .   (no gloves)
MR       .....                  (no boots)
Stlth    ++........             (no amulet)
HPRegen  0.12/turn              (no ring)
MPRegen  0.11/turn              (no ring)

@: very slightly contaminated
A: unfitting armour, cold-blooded, AC +5
a: no special abilities


You were on level 2 of the Dungeon.
You were not hungry.

You visited 1 branch of the dungeon, and saw 2 of its levels.

You collected 127 gold pieces.

Inventory:

Hand Weapons
 g - a +0 whip
 i - a +0 dagger (weapon)
Missiles
 b - 86 stones (quivered)
 m - 8 tomahawks
Armour
 e - a +0 buckler
Jewellery
 a - a cursed ring of attention {unknown}
Scrolls
 f - 3 scrolls of remove curse
 h - a scroll of identify
 l - a scroll of amnesia {unknown}
 p - a scroll of magic mapping {unknown}
Potions
 j - 2 potions of flight
 k - a potion of might {unknown}
 o - a potion of mutation
Comestibles
 c - 3 rations
 n - 4 chunks of flesh


   Skills:
 - Level 2.0 Fighting
 - Level 1.7 Dodging
 - Level 1.7 Stealth
 + Level 2.9 Spellcasting
 * Level 1.5 Conjurations
 - Level 1.0 Transmutations
 + Level 3.8 Earth Magic


You had 2 spell levels left.
You knew the following spells:

 Your Spells              Type           Power        Failure   Level  Hunger
a - Sandblast             Erth           ###...       3%          1    None
b - Passwall              Tmut/Erth      ##......     10%         2    ##.....
c - Stone Arrow           Conj/Erth      ##....       17%         3    ###....

Your spell library contained the following spells:

 Spells                   Type           Power        Failure   Level  Hunger
 Petrify                  Tmut/Erth      ##......     54%         4    ####...
 Lee's Rapid Deconstruct  Erth           ###.......   69%         5    ######.


Dungeon Overview and Level Annotations

Branches:
Dungeon (2/15)

Altars:


Innate Abilities, Weirdness & Mutations

Your plain brown scales are hard. (AC +5)
You cannot fit into any form of body armour.
You are cold-blooded and may be slowed by cold attacks.


Message History

Casting: Sandblast (safe; 3% risk of failure)
Confirm with . or Enter, or press ? or * to list all spells.
Aiming: Sandblast (safe; 3% risk of failure)
Press: ? - help, Shift-Dir - straight line, f/p - orc priest
Aim: an orc priest, wielding a +0 short sword The blast of sand hits the orc priest.
The orc priest is moderately wounded.
b - 86 stones You hit the orc priest but do no damage.
The orc priest is moderately wounded.
The orc priest barely misses you.
You hit the orc priest.
Your tail-slap misses the orc priest.
The orc priest is heavily wounded.
The orc priest mumbles some strange prayers to Beogh against you.
Beogh smites you!
* * * LOW HITPOINT WARNING * * *
You feel better.
The orc priest calls down the wrath of Beogh upon you.
Beogh smites you!
You die...

#.# #...# #.# #.# #.# #.#. #.#
#.#.# #.# #.# #.# #.#. #.#
#.#.#####.# #.####.#####... #.#
#.#.......###....÷........#
#.####†#####....#######.######.#
#................######.# #.#
######...####............# #.#
.....÷...# #.....######## #.#
######...# ##..@## #.# ##.##
##o## #.# #.# #.# #†# #.# #.#
#.# #.# #?# #.# #.# #.. ##.# ..#
##.#. #.. ##.### ..# #.## #


You could see an orc priest.

Vanquished Creatures
  An orc priest (D:2)
  2 adders (D:2)
  An ooze (D:1)
  A dart slug (D:1)
  A worm (D:2)
  4 leopard geckos
  An orc (D:2)
  3 ball pythons (D:2)
  4 giant cockroaches
  5 hobgoblins
  6 jackals (D:2)
  A quokka (D:2)
  3 bats
  2 frilled lizards (D:2)
  A goblin (D:2)
  5 kobolds
  5 rats
46 creatures vanquished.

Notes
Turn   | Place    | Note
-------+----------+-------------------------------------------
     0 | D:1      | Folque the Draconian Earth Elementalist began the quest for
                  | the Orb.
     0 | D:1      | Reached XP level 1. HP: 14/14 MP: 3/3
   115 | D:1      | Reached XP level 2. HP: 22/22 MP: 5/5
   181 | D:1      | Reached skill level 1 in Fighting
   773 | D:2      | Learned a level 2 spell: Passwall
   804 | D:2      | Reached XP level 3. HP: 26/29 MP: 3/6
   882 | D:2      | Learned a level 3 spell: Stone Arrow
  1072 | D:2      | Reached XP level 4. HP: 23/36 MP: 2/8
  1426 | D:2      | Reached skill level 1 in Conjurations
  1435 | D:2      | Killed from afar by an orc priest

Skill      XL: |  1  2  3  4 |
---------------+-------------+-----
Fighting       | 1 2 |  2.0
Conjurations   | 1 |  1.5
Dodging        | |  1.7
Stealth        | |  1.7
Spellcasting   | |  2.9
Transmutations | |  1.0
Earth Magic    | |  3.8

Action                   |  1- 3 |  4- 6 || total
-------------------------+-------+-------++-------
Melee: Whip              |    19 |       ||    19
       Unarmed           |    12 |       ||    12
       Tailslap          |    10 |     6 ||    16
       Dagger            |   138 |    45 ||   183
 Cast: Sandblast         |    11 |     5 ||    16
       Stone Arrow       |     1 |     1 ||     2
  Use: Scroll            |       |     4 ||     4
       Potion            |       |     2 ||     2
 Stab: Sleeping          |     2 |       ||     2
  Eat: Chunk             |     1 |     1 ||     2
Armor: Skin              |    45 |     8 ||    53
Dodge: Dodged            |   102 |    28 ||   130
